[Event "Live Chess"]
[Site "Chess.com"]
[Date "2024.06.01"]
[Round "-"]
[White "DoctorMantisTobogganMD"]
[Black "willc-h99"]
[Result "1/2-1/2"]
[WhiteElo "2198"]
[BlackElo "2641"]
[TimeControl "300"]
[EndTime "10:21:53 PDT"]
[Termination "Game drawn - insufficient material"]

1. e4 a6 2. a4 h6 3. Nc3 g6 4.
Bc4 b6 5. Nge2 e6 6. O-O d6 7. d3 Bg7 8. f4 Ne7 9. Ng3 O-O 10.
f5 exf5 11. exf5 Nxf5 12. Nxf5 Bxf5 13. Rxf5 gxf5 14. Qh5 c6 15. Bxh6 d5 16. Bxg7 Kxg7 17. Bb3 Qf6 18. Rf1 Rh8 19. Qf3 Nd7 20. Ne2 Ne5 21.
Qg3+ Ng4 22. h3 Rae8 23. hxg4 Rxe2 24. gxf5+ Kf8 25. Qb8+ Re8 26. Qxb6 Qd6 27. Qd4 f6 28. Qf4 Qxf4 29. Rxf4 Re1+ 30. Kf2 Rhh1 31. Kg3 Re2 32.
Rf2 Rxf2 33. Kxf2 Rb1 34. Ke3 Rxb2 35. Kd4 Ke7 36. Kc5 Kd7 37. Kb6 Rb1 38. a5 Rg1 39. Ba4 Rxg2 40. Bxc6+ Kd6 41. c4 Rb2+ 42. Bb5 dxc4 43.
dxc4 Ke5 44. Kxa6 Kxf5 45. Kb7 Ke5 46. a6 Ra2 47. a7 Kd6 48. a8=Q Rxa8 49. Kxa8 f5 50. c5+ Kxc5 51. Bf1 Kd4 52. Ka7 Ke3 53. Ba6 f4 54. Kb6 f3 55. Kc5 f2 56. Kd5 f1=Q 57.
Bxf1 1/2-1/2

[Event "Live Chess"]
[Site "Chess.com"]
[Date "2024.06.01"]
[Round "-"]
[White "Ninifu"]
[Black "matt1979"]
[Result "1-0"]
[WhiteElo "2045"]
[BlackElo "1361"]
[TimeControl "300"]
[EndTime "10:21:56 PDT"]
[Termination "Ninifu won by resignation"]

1. d4 e6 2. c4 f5 3. Nc3 Bb4 4. Bd2 Nf6 5. Qc2 O-O 6. e3 Ne4 7. Nxe4 Bxd2+ 8. Nxd2 b6 9. Bd3 Bb7 10. f3 Nc6 11. a3 1-0

[Event "Live Chess"]
[Site "Chess.com"]
[Date "2024.06.01"]
[Round "-"]
[White "hapehansen"]
[Black "TheSmoulderingMaster"]
[Result "1-0"]
[WhiteElo "2244"]
[BlackElo "1730"]
[TimeControl "300"]
[EndTime "10:22:04 PDT"]
[Termination "hapehansen won by resignation"]

1. c4 e5 2. Nc3 Nf6 3. Nf3 Nc6 4. e3 Bc5 5. a3 a6 6. d4 exd4 7. exd4 Ba7 8. Bg5 O-O 9. Be2 h6 10. Bh4 d5 11. cxd5 Na5 12. O-O g5 13. Bg3 Re8 14. Rc1 c6 15. dxc6 Nxc6 16. d5 Ne7 17.
Bc4 Nf5 18. Re1 Rxe1+ 19. Qxe1 Nd6 20. Ba2 Bg4 21. Ne5 Bh5 22. Nc4 Nf5 23. Ne3 Nd4 24.
Bb1 Rc8 25. Nf5 Rxc3 26. Rxc3 Ne2+ 27. Kh1 Nxc3 28. bxc3 Bg6 29. Ne7+ Kg7 30. Nxg6 fxg6 31. c4 h5 32. Be5 Bb8 33. Bxb8 Qxb8 34. Qe7+ Kh6 35.
Qxf6 Qc7 36. h4 gxh4 37. Qxh4 Qe5 38. Be4 g5 39. Qg3 Qxe4 40. Qd6+ Kg7 41. Qd7+ Kh8 42. Qc8+ Kg7 43. Qxb7+ Kh8 44. Qc8+ Kg7 45. Qe6 Qxc4 46. Qe7+ Kg8 47. d6 Qf1+ 48. Kh2 Qxf2 49. Qxg5+ Kf8 50. d7 Qd4 51. d8=Q+ Qxd8 52. Qxd8+ Kg7 53. Qe7+ Kg6 54. Kg3 1-0

[Event "Live Chess"]
[Site "Chess.com"]
[Date "2024.06.01"]
[Round "-"]
[White "DJ_Lambton"]
[Black "ACM42"]
[Result "0-1"]
[WhiteElo "1776"]
[BlackElo "2218"]
[TimeControl "300"]
[EndTime "10:22:06 PDT"]
[Termination "ACM42 won by resignation"]

1. c4 Nf6 2. g3 g6 3. Bg2 Bg7 4. Nc3 O-O 5. e3 d6 6. Nge2 c5 7. O-O Nc6 8. b3 Rb8 9. Bb2 a6 10. d4 Qc7 11. Rc1 Rd8 12. d5 Na5 13. Qc2 b5 14. Ne4 bxc4 15. Nxf6+ exf6 16. bxc4 Nxc4 17. Qxc4 Rxb2 18. Nf4 f5 19. e4 Bd7 20. exf5 Bb5 21. Qe4 Re8 22. Qf3 Bxf1 23. Bxf1 Rxa2 24. fxg6 hxg6 25.
Bd3 Ra3 26. Qg4 Qc8 27. Qd1 Bh6 28. Ra1 Rxa1 29. Qxa1 Bxf4 30. gxf4 Qg4+ 31. Kf1 Qh3+ 32. Kg1 Qxd3 0-1

[Event "Live Chess"]
[Site "Chess.com"]
[Date "2024.06.01"]
[Round "-"]
[White "jumush"]
[Black "peteopeteo"]
[Result "1/2-1/2"]
[WhiteElo "1739"]
[BlackElo "1610"]
[TimeControl "300"]
[EndTime "10:22:13 PDT"]
[Termination "Game drawn by agreement"]

1. e4 c6 2. d4 d5 3. exd5 cxd5 4. Nf3 Nf6 5. Ne5 Nc6 6. Bb5 Bd7 7. Nxd7 Qxd7 8. c3 a6 9. Bd3 e6 10. O-O Bd6 11.
Nd2 Ne7 12. Nf3 Ng6 13. Re1 O-O 14. Ne5 Qc7 15. Bg5 Nxe5 16. dxe5 Bxe5 17. Bxf6 Bxf6 18. Qh5 g6 19. Qh6 Bg7 20. Qh4 Qd8 21. Qb4 b5 22. Re3 d4 23. cxd4 Qxd4 24. Qxd4 Bxd4 25. Re2 Rad8 26. Rd1 e5 27. Red2 f5 28. a4 e4 29.
Bf1 Bf6 30. Rxd8 Rxd8 31. Rxd8+ Bxd8 32. axb5 axb5 33. Bxb5 Kf7 34. Bc4+ Kf6 35. b4 Bb6 36.
Kf1 h6 37. Ke2 g5 38. h3 f4 39. b5 e3 40. fxe3 Bxe3 41. Kf3 Kf5 42. Bf7 Bb6 43. Be8 Be3 44. Bf7 1/2-1/2

[Event "Live Chess"]
[Site "Chess.com"]
[Date "2024.06.01"]
[Round "-"]
[White "Richardallis"]
[Black "TigerTank70"]
[Result "0-1"]
[WhiteElo "1931"]
[BlackElo "2178"]
[TimeControl "300"]
[EndTime "10:22:22 PDT"]
[Termination "TigerTank70 won on time"]

1. d4 d5 2. Nf3 c5 3. c3 e6 4. Bg5 Be7 5. Bxe7 Nxe7 6. e3 Nbc6 7. Bd3 Qb6 8. Qb3 c4 9. Qxb6 axb6 10. Bc2 b5 11.
O-O b4 12. a3 b3 13. Bd1 Ng6 14. Nfd2 b5 15. e4 b4 16. e5 bxc3 17. bxc3 Ra4 18. f4 Bd7 19. g3 O-O 20. Nf3 Nge7 21. Rf2 Nf5 22. Re2 Rfa8 23. Kf2 Na7 24. Rb2 Nb5 25. Bxb3 cxb3 26. Rxb3 f6 27. h3 Ne7 28. g4 Nc8 29.
exf6 gxf6 30. g5 fxg5 31. Nxg5 Ncd6 32. Nd2 Rxa3 33. Rbxa3 Rxa3 34. Rg1 Kh8 35. Ndf3 Ra2+ 36. Kg3 h6 37. Ne5 Nf5+ 38. Kg4 hxg5 39. Nxd7 gxf4 40.
Kxf4 Nxc3 41. Rg5 Ra7 42. Nf6 Nh6 43. Rg6 Rf7 44. Rxh6+ Kg7 45. Kg5 Rxf6 46. Rxf6 Ne4+ 47. Kf4 Nxf6 48. Ke5 Kf7 49. h4 Nd7+ 50. Kd6 Nf8 51.
h5 Kf6 52. h6 Nh7 53. Kc5 Kf5 54. Kd6 Ng5 55. h7 Nxh7 56. Ke7 Ng5 57. Kd6 Nf3 58. Kc5 Ne1 59. Kd6 Nc2 60. Kc5 Kf6 0-1

[Event "Live Chess"]
[Site "Chess.com"]
[Date "2024.06.01"]
[Round "-"]
[White "seasidecastle27"]
[Black "Rusty_Bridges"]
[Result "1-0"]
[WhiteElo "1949"]
[BlackElo "1506"]
[TimeControl "300"]
[EndTime "10:22:29 PDT"]
[Termination "seasidecastle27 won by resignation"]

1. d4 d5 2. Nf3 e6 3. Bf4 Nf6 4. e3 Be7 5. Bd3 c5 6. c3 Nc6 7. Nbd2 Bd7 8. Qe2 c4 9. Bc2 b5 10. a3 a5 11. e4 dxe4 12. Nxe4 Nxe4 13. Qxe4 Bf6 14. Ne5 Nxe5 15. dxe5 Be7 16. O-O Qc7 17. Qxa8+ 1-0

[Event "Live Chess"]
[Site "Chess.com"]
[Date "2024.06.01"]
[Round "-"]
[White "IanCalvert2"]
[Black "SirGerhard"]
[Result "0-1"]
[WhiteElo "1491"]
[BlackElo "2771"]
[TimeControl "300"]
[EndTime "10:22:41 PDT"]
[Termination "SirGerhard won by resignation"]

1. b3 d5 2. Bb2 Bg4 3. h3 Bh5 4. d4 Nd7 5. Nf3 Bxf3 6. exf3 e6 7.
f4 Bd6 8. g3 h5 9. Bd3 h4 10. Qf3 hxg3 11. fxg3 Qf6 12. Nd2 Ne7 13. O-O-O O-O-O 14. Qf2 g5 15. f5 exf5 16. g4 f4 17. Nf3 Ng6 18. Ne5 Ngxe5 19. dxe5 Bxe5 20. Bxe5 Qxe5 21. Qxa7 Qe3+ 22. Qxe3 fxe3 23. Rdf1 f6 24. Bf5 Rdf8 25. Rf3 c6 26. Rxe3 Kd8 27. Rhe1 Ne5 28. c4 dxc4 29. bxc4 Kc7 30. Rb3 Rd8 31. Bc2 Rd4 32.
Rf1 Rf8 33. c5 Rc4 34. Kb2 Rxc5 35. Bf5 Nc4+ 36. Ka1 Nd2 0-1

[Event "Live Chess"]
[Site "Chess.com"]
[Date "2024.06.01"]
[Round "-"]
[White "booktrunk"]
[Black "GerardATHart"]
[Result "1-0"]
[WhiteElo "1401"]
[BlackElo "1422"]
[TimeControl "300"]
[EndTime "10:22:42 PDT"]
[Termination "booktrunk won by resignation"]

1. d4 f5 2. Bf4 Nf6 3. Nc3 d6 4.
e3 Nc6 5. Nf3 g6 6. h3 h6 7. Bh2 Bg7 8. Bd3 O-O 9. O-O Re8 10.
Bc4+ Kh8 11. Nd5 e5 12. Nxf6 Bxf6 13. dxe5 dxe5 14. Qxd8 Rxd8 15. Rad1 Re8 16. c3 Na5 17. Bb5 c6 18. Ba4 b5 19. Bc2 Be6 20. b3 e4 21. Nd2 Bxc3 22. Nb1 Bf6 23. Rd6 Rad8 24. Rxd8 Rxd8 25. Bc7 Nb7 26. Bxd8 Bxd8 27. Rd1 Bb6 28. Nd2 c5 29. Nf1 c4 30. bxc4 bxc4 31. Rb1 Nc5 32. Nd2 c3 33. Nb3 Nd3 34. a3 Kg7 35. Nc1 Bc4 36. Ne2 Nb2 37. Nxc3 Nd3 38. Bxd3 Bxd3 39. Rd1 Ba5 40. Na2 Kf6 41. Nb4 Bb5 42. Rd5 a6 43. Nxa6 Bxa6 44. Rxa5 Bc8 45. Ra8 Be6 46. Rb8 Ke7 47.
a4 Kd7 48. Rb7+ Kc6 49. Rg7 g5 50. Rg6 Kd5 51. a5 Bc8 52. a6 f4 53. exf4 gxf4 54. Rxh6 e3 55. fxe3 fxe3 56. Kf1 Ke4 57. Ke1 Kd3 58.
a7 Bb7 59. Rb6 Bxg2 60. Rb8 e2 61. a8=Q 1-0

[Event "Live Chess"]
[Site "Chess.com"]
[Date "2024.06.01"]
[Round "-"]
[White "LanceMaster23"]
[Black "missedJariChance"]
[Result "1/2-1/2"]
[WhiteElo "1808"]
[BlackElo "1348"]
[TimeControl "300"]
[EndTime "10:22:44 PDT"]
[Termination "Game drawn - timeout vs insufficient material"]

1. Nf3 e6 2. d4 d5 3. Bf4 c5 4. c3 Nc6 5. e3 Bd6 6. Bg3 Nf6 7.
Nbd2 O-O 8. Be2 Re8 9. O-O e5 10. dxe5 Nxe5 11. Nxe5 Bxe5 12. Nf3 Bxg3 13. hxg3 Be6 14.
Qc2 h6 15. Rad1 Qc7 16. c4 Rad8 17. cxd5 Nxd5 18. a3 Qe7 19. Rc1 b6 20. Rfd1 Qf6 21. Qa4 Qxb2 22. Rc2 Qf6 23. Qxa7 Nxe3 24. Rxd8 Rxd8 25.
fxe3 Bb3 26. Rd2 Qa1+ 27. Kf2 Rxd2 28. Nxd2 Be6 29. Qxb6 Qxa3 30. Ne4 c4 31. Qd8+ Kh7 32. Nd6 c3 33. Bd3+ g6 34. Ne4 Qb2+ 35. Kf3 c2 36. Bxc2 Qxc2 37. Nf6+ Kg7 38. Ne8+ Kh7 39. Qf6 Qf5+ 40.
Qxf5 Bxf5 41. Nf6+ Kg7 42. Nd5 Bc8 43. e4 Bb7 44.
Ne3 Kf6 45. Nc4 Kg5 46. Nd6 Ba8 47. Nxf7+ Kf6 48. Nd6 Ke5 49. Nc4+ Kf6 50. Kf4 h5 51. e5+ Ke6 52. g4 hxg4 53. Kxg4 Bxg2 54. Kg5 Bd5 55. Ne3 Kxe5 56. Ng4+ Ke6 57. Nh6 Be4 58. Ng4 Ke7 59. Nf2 Bf5 60. Nd1 Kd6 61. Ne3 Kc5 62. Ng2 Kd4 63.
Nf4 Ke3 64. Nh3 Kf3 65. Ng1+ Kg3 66. Ne2+ Kf2 67. Nd4 Ke3 68. Nc6 1/2-1/2

[Event "Live Chess"]
[Site "Chess.com"]
[Date "2024.06.01"]
[Round "-"]
[White "Grace6363"]
[Black "dl_chess"]
[Result "0-1"]
[WhiteElo "1109"]
[BlackElo "1170"]
[TimeControl "300"]
[EndTime "10:22:46 PDT"]
[Termination "dl_chess won by checkmate"]

1. d4 Nf6 2. c4 g6 3. Nc3 Bg7 4.
Nf3 d6 5. Bg5 O-O 6. e4 Nc6 7.
Be2 e5 8. d5 Ne7 9. O-O Nd7 10. Nd2 f5 11. f4 fxe4 12. Ndxe4 exf4 13. Bxf4 Ne5 14. Bxe5 Bxe5 15. Rxf8+ Qxf8 16. Qf1 Bf5 17. Bg4 Bxg4 18. h3 Bf5 19. g4 Bd4+ 20. Kh2 Bxe4 21.
Nxe4 Qg7 22. Qd3 Rf8 23. Re1 Qe5+ 24. Kh1 Qg7 25. Ng5 Rf2 26. Rxe7 Qxe7 27. Qxd4 Qe1# 0-1

[Event "Live Chess"]
[Site "Chess.com"]
[Date "2024.06.01"]
[Round "-"]
[White "GEMdzq"]
[Black "Tatarinov_Maxim"]
[Result "0-1"]
[WhiteElo "2313"]
[BlackElo "2298"]
[TimeControl "300"]
[EndTime "10:22:55 PDT"]
[Termination "Tatarinov_Maxim won by resignation"]

1. e4 c5 2. d4 cxd4 3. c3 dxc3 4.
Nxc3 Nc6 5. Bc4 e6 6. Nf3 d6 7.
O-O Nf6 8. Qe2 Be7 9. Rd1 e5 10.
h3 O-O 11. Bg5 Be6 12. Bxe6 fxe6 13. Qc4 Qc8 14. Nb5 Nd4 15. Rac1 Nxf3+ 16. gxf3 Qxc4 17. Rxc4 a6 18. Nc7 Rac8 19. Rcc1 Kf7 20. Be3 Ne8 21.
Bb6 Nxc7 22. Rxc7 Rxc7 23. Bxc7 Rc8 24. Ba5 Rc2 25. Bc3 b5 26. Rd2 Rxd2 27. Bxd2 d5 28. Kf1 Bc5 29. Ke2 Bd4 30. b3 Ke7 31. Bb4+ Kd7 32.
h4 g6 33. Bd2 h5 34. f4 dxe4 35. fxe5 Kc6 36. f4 exf3+ 37. Kxf3 Kd5 38. Bh6 Bxe5 39. Bg5 Bd4 40. Ke2 e5 0-1

[Event "Live Chess"]
[Site "Chess.com"]
[Date "2024.06.01"]
[Round "-"]
[White "Queensandpawns"]
[Black "vincents82"]
[Result "1-0"]
[WhiteElo "2477"]
[BlackElo "2139"]
[TimeControl "300"]
[EndTime "10:23:08 PDT"]
[Termination "Queensandpawns won by resignation"]

1. e4 d5 2. Nc3 dxe4 3. Nxe4 Nd7 4. Nf3 Ngf6 5. Neg5 e6 6. d4 Be7 7. Bd3 O-O 8. Be3 h6 9. h4 c5 10. c3 b6 11. Ne4 Bb7 12. Nxf6+ Nxf6 13. O-O Ng4 14. Bc2 Bxh4 15. Qd3 f5 16. dxc5 Qc7 17. Qd6 Qxd6 18. cxd6 Bxf3 19. gxf3 Nxe3 20. fxe3 e5 21. Rad1 Rad8 22.
Rd5 Bf6 23. Rfd1 f4 24. e4 g5 25. b4 h5 26. Bb3 Kg7 27. c4 g4 28. c5 bxc5 29.
bxc5 g3 30. c6 h4 31. d7 h3 32. c7 g2 33. cxd8=Q Bxd8 34. Kh2 Kf6 35. Rd6+ Ke7 36. Re6+ Kf7 37. Re8+ Kg7 38. Rxf8 Kxf8 39. Kxh3 1-0

[Event "Live Chess"]
[Site "Chess.com"]
[Date "2024.06.01"]
[Round "-"]
[White "MagnersCarlsberg2870"]
[Black "NottheBishopSacrifice"]
[Result "0-1"]
[WhiteElo "1890"]
[BlackElo "2200"]
[TimeControl "300"]
[EndTime "10:23:10 PDT"]
[Termination "NottheBishopSacrifice won by resignation"]

1. Nf3 c6 2. g3 d5 3. Bg2 Nd7 4. d3 e5 5. e4 Ngf6 6. Nbd2 Bd6 7. O-O O-O 8. Re1 Re8 9. Nf1 Nc5 10. Bg5 h6 11. Be3 d4 12. Bd2 Ne6 13. h4 c5 14.
Bh3 b5 15. N1h2 Bd7 16. Ng4 Nxg4 17. Bxg4 c4 18. Nh2 Rc8 19. Rf1 cxd3 20. cxd3 Qe7 21. f4 exf4 22. gxf4 Nc5 23. e5 Bb8 24. Bxd7 Qxd7 25.
Bb4 a5 26. Bxc5 Rxc5 27. Qh5 Qh3 28. Kh1 Rc2 0-1

[Event "Live Chess"]
[Site "Chess.com"]
[Date "2024.06.01"]
[Round "-"]
[White "Berdgross"]
[Black "MaximKhimchenko"]
[Result "0-1"]
[WhiteElo "592"]
[BlackElo "1782"]
[TimeControl "300"]
[EndTime "10:23:18 PDT"]
[Termination "MaximKhimchenko won by resignation"]

1. e4 b6 2. d3 Bb7 3. Nc3 c5 4. Nf3 Nc6 5. a3 g6 6. Ne5 Nxe5 7. Be2 Bg7 8. O-O d5 9. exd5 Bxd5 10. Nxd5 Qxd5 11.
Bf3 Nxf3+ 12. Qxf3 Qxf3 13. gxf3 O-O-O 14. Bg5 Rd5 15. Rfe1 Rxg5+ 16. Kh1 e6 17. f4 Rf5 18. Kg2 Rxf4 0-1

[Event "Live Chess"]
[Site "Chess.com"]
[Date "2024.06.01"]
[Round "-"]
[White "kylet1990"]
[Black "CarmelJane"]
[Result "0-1"]
[WhiteElo "724"]
[BlackElo "2104"]
[TimeControl "300"]
[EndTime "10:23:31 PDT"]
[Termination "CarmelJane won by resignation"]

1. e4 c5 2. Nc3 e6 3. Nf3 a6 4. d4 cxd4 5. Nxd4 Qc7 6. Be3 Bb4 7. Bd2 Nf6 8. Bc4 O-O 9. Bb3 Bxc3 10. Bxc3 Nxe4 11. O-O Nxc3 12. bxc3 b5 13. a4 bxa4 14. Bxa4 Bb7 15. Qg4 Nc6 16. Rad1 Nxd4 17. Rxd4 Bc6 18. Bxc6 Qxc6 19. Rfd1 d5 20. R1d3 Rab8 21. h3 Rb1+ 22. Kh2 Qd6+ 23. Rg3 g6 24. f4 Rc8 25. Rdd3 Rf1 26.
Rdf3 Rxf3 27. Rxf3 Rc4 28. Qg3 Qc7 29. Qh4 a5 30. Rf1 a4 31. Ra1 Rxf4 32. g3 Rxh4 33. Kg2 Rc4 34. Rb1 Rxc3 0-1

[Event "Live Chess"]
[Site "Chess.com"]
[Date "2024.06.01"]
[Round "-"]
[White "DenisOnopriichuk2003"]
[Black "grillage"]
[Result "0-1"]
[WhiteElo "1827"]
[BlackElo "1906"]
[TimeControl "300"]
[EndTime "10:23:33 PDT"]
[Termination "grillage won by resignation"]

1. d4 e6 2. Bf4 Nf6 3. e3 c5 4. c3 cxd4 5. exd4 Be7 6. Bd3 b6 7.
Qf3 Nc6 8. Bb5 Bb7 9. Qg3 O-O 10. Bh6 Nh5 11. Qg4 Kh8 12. Qxh5 gxh6 13. Qxh6 Rg8 14. Qh3 Nxd4 15. Nf3 Nxb5 16. a4 Nd6 17. Nbd2 Nf5 18. O-O-O Rc8 19. Ne5 Qe8 20. Qh5 Rg7 21. g4 Nd6 22.
Rhf1 f6 0-1

[Event "Live Chess"]
[Site "Chess.com"]
[Date "2024.06.01"]
[Round "-"]
[White "defenderalist"]
[Black "sshamil"]
[Result "1-0"]
[WhiteElo "1498"]
[BlackElo "1684"]
[TimeControl "300"]
[EndTime "10:23:39 PDT"]
[Termination "defenderalist won by resignation"]

1. e4 Nc6 2. d4 d6 3. Bb5 Bd7 4. Nf3 g6 5. d5 Ne5 6. Bxd7+ Qxd7 7. Nxe5 dxe5 8. O-O e6 9. c4 exd5 10. cxd5 O-O-O 11. f4 exf4 12. Bxf4 Bd6 13. e5 Bc5+ 14. Kh1 Qxd5 15.
Qg4+ Kb8 16. Nc3 Qc6 17. h3 h5 18. Qg5 Be7 19. Qg3 Nh6 20. Rac1 Nf5 21. Qf2 Bc5 22. Qe2 Rd4 23. Nb5 Re4 24. Qf3 b6 25. e6 Rxf4 26.
Qxc6 Ng3+ 27. Kh2 Nxf1+ 28. Rxf1 Bd6 29. Nxd6 1-0

[Event "Live Chess"]
[Site "Chess.com"]
[Date "2024.06.01"]
[Round "-"]
[White "jimwad"]
[Black "AnotherOneBadPlayer"]
[Result "0-1"]
[WhiteElo "1243"]
[BlackElo "2173"]
[TimeControl "300"]
[EndTime "10:24:02 PDT"]
[Termination "AnotherOneBadPlayer won by checkmate"]

1. d4 Nf6 2. c4 g6 3. Nc3 Bg7 4.
e3 d6 5. Nf3 O-O 6. Bd3 Nc6 7.
O-O e5 8. d5 Ne7 9. Be2 a5 10.
a3 Nd7 11. e4 Nc5 12. Bd3 f5 13. exf5 gxf5 14. Ng5 h6 15. Nh3 Qe8 16. f3 Qg6 17.
Qe2 c6 18. dxc6 bxc6 19. Bd2 d5 20. b4 Nb3 21. Rab1 Nxd2 22. Qxd2 e4 23. fxe4 fxe4 24. Rxf8+ Bxf8 25. Be2 Bxh3 26. cxd5 Qxg2# 0-1

[Event "Live Chess"]
[Site "Chess.com"]
[Date "2024.06.01"]
[Round "-"]
[White "Brooms1989"]
[Black "DavrosLight"]
[Result "1-0"]
[WhiteElo "1073"]
[BlackElo "764"]
[TimeControl "300"]
[EndTime "10:24:11 PDT"]
[Termination "Brooms1989 won by resignation"]

1. e4 e5 2. Nc3 Bb4 3. a3 Bxc3 4. bxc3 Nf6 5. d3 Nc6 6. f4 O-O 7. Nf3 exf4 8. Bxf4 d5 9. e5 Re8 10. d4 Ne4 11. Bd2 Qh4+ 12. Nxh4 1-0

[Event "Live Chess"]
[Site "Chess.com"]
[Date "2024.06.01"]
[Round "-"]
[White "NeilDruggan73"]
[Black "LaupMiths"]
[Result "0-1"]
[WhiteElo "1752"]
[BlackElo "1853"]
[TimeControl "300"]
[EndTime "10:24:20 PDT"]
[Termination "LaupMiths won by resignation"]

1. d4 Nf6 2. Bg5 Ne4 3. h4 h6 4. Bf4 d5 5. e3 e6 6. Bd3 Bd6 7. Ne2 Bxf4 8. Nxf4 Nf6 9. c3 Qe7 10. Nd2 Nbd7 11. Qc2 e5 12. dxe5 Nxe5 13. Be2 c6 14. O-O-O g6 15. f3 b6 16. e4 dxe4 17. Nxe4 O-O 18.
g4 Be6 19. g5 Nxe4 20. fxe4 h5 21. Kb1 Rfd8 22. Rxd8+ Rxd8 23. Rd1 Rd6 24. Nxe6 Qxe6 25. Rxd6 Qxd6 26. a3 c5 27. b4 Qc7 28. c4 Qd6 29. b5 Qd4 30. a4 Kg7 31. Kc1 Qa1+ 32. Qb1 Qc3+ 33. Qc2 Qe1+ 34. Kb2 Qxh4 35. Qd2 Qh2 36. Qe3 Kh7 37. Kc3 h4 38. Qd3 Nxd3 0-1

[Event "Live Chess"]
[Site "Chess.com"]
[Date "2024.06.01"]
[Round "-"]
[White "SebasASB"]
[Black "Cruiseylee78"]
[Result "1-0"]
[WhiteElo "2158"]
[BlackElo "1651"]
[TimeControl "300"]
[EndTime "10:24:28 PDT"]
[Termination "SebasASB won by checkmate"]

1. g4 d6 2. h3 Nd7 3. Bg2 e5 4. c4 c6 5. Nc3 Ngf6 6. d3 h6 7. d4 Qc7 8. Be3 Be7 9. d5 Nf8 10. Qd3 g5 11. Ne4 Ng6 12. dxc6 bxc6 13. Nxf6+ Bxf6 14. O-O-O Be7 15. Be4 Nf4 16. Bxf4 exf4 17. Nf3 Rb8 18.
b3 Be6 19. Kb1 Qa5 20. Bxc6+ Kf8 21. Bd5 Bxd5 22. Qxd5 Qxd5 23. Rxd5 Kg7 24. Nd4 Rhe8 25.
Nf5+ Kf6 26. e3 h5 27. gxh5 Rec8 28. exf4 Rxc4 29. fxg5+ Ke6 30. Rhd1 Rf4 31. Nxe7 Kxe7 32. Rxd6 Rxf2 33. Rd7+ Kf8 34. Rxa7 Rh2 35. Rf1 Rxh3 36.
Rfxf7+ Kg8 37. Rg7+ Kf8 38. Raf7+ Ke8 39. g6 Rxh5 40. Rg8# 1-0

[Event "Live Chess"]
[Site "Chess.com"]
[Date "2024.06.01"]
[Round "-"]
[White "Hazban"]
[Black "StoreySniper"]
[Result "0-1"]
[WhiteElo "2038"]
[BlackElo "2543"]
[TimeControl "300"]
[EndTime "10:24:37 PDT"]
[Termination "StoreySniper won by checkmate"]

1. d4 g6 2. e4 Bg7 3. e5 c5 4. f4 cxd4 5. Nf3 Nc6 6. Nxd4 d6 7.
Nxc6 bxc6 8. Nc3 dxe5 9. Qf3 Nf6 10. Bc4 O-O 11. fxe5 Nd5 12. O-O Bxe5 13. Bh6 Bg7 14. Bxg7 Kxg7 15. Rad1 e6 16. Kh1 Qb6 17. Nxd5 cxd5 18.
Bb3 Ba6 19. Qf6+ Kg8 20. Rf3 Be2 21. Rh3 Bxd1 22. Qh4 h5 23. c4 Bg4 24. Rg3 dxc4 25. Bxc4 Rac8 26. b3 Rxc4 27. h3 Rc1+ 28. Kh2 Qg1# 0-1

[Event "Live Chess"]
[Site "Chess.com"]
[Date "2024.06.01"]
[Round "-"]
[White "OliWally08"]
[Black "Velocity"]
[Result "0-1"]
[WhiteElo "1258"]
[BlackElo "1721"]
[TimeControl "300"]
[EndTime "10:24:38 PDT"]
[Termination "Velocity won on time"]

1. e4 c5 2. c3 d5 3. exd5 Qxd5 4. d4 cxd4 5. cxd4 Nc6 6. Nf3 Bg4 7. Nc3 Qa5 8. d5 Ne5 9. Be2 Nxf3+ 10. Bxf3 Bxf3 11. Qxf3 Nf6 12. Bd2 Qb6 13. Be3 Qxb2 14. O-O Qxc3 15. Rac1 Qe5 16. Rfd1 g6 17. Qe2 Bg7 18. Qb5+ Kf8 19.
Qxb7 Re8 20. Rc8 h5 21. Bc5 Kg8 22. Rxe8+ Nxe8 23. Bxe7 Kh7 24. d6 Nxd6 25. Bxd6 Rd8 26. Qc7 Qf6 27. Re1 Qxd6 28. Qxf7 Qd1 0-1

[Event "Live Chess"]
[Site "Chess.com"]
[Date "2024.06.01"]
[Round "-"]
[White "viktorskliarov"]
[Black "Frankie_Badacsonyi"]
[Result "1-0"]
[WhiteElo "2642"]
[BlackElo "2441"]
[TimeControl "300"]
[EndTime "10:24:38 PDT"]
[Termination "viktorskliarov won by resignation"]

1. e4 c6 2. d4 d5 3. e5 Bf5 4.
Nf3 e6 5. Be2 Ne7 6. O-O Ng6 7.
a4 Nd7 8. a5 f6 9. exf6 Qxf6 10.
c4 Bd6 11. a6 b6 12. Nc3 O-O 13. Bg5 Qf7 14. Qd2 h6 15. Be3 Kh8 16. h3 Qf6 17. Rfe1 Rae8 18. Rac1 Nh4 19. Nxh4 Qxh4 20. Bf1 Nf6 21.
Bd3 Qh5 22. Bxf5 Qxf5 23. b3 Bb4 24. Qc2 Qxc2 25. Rxc2 Ne4 26. Nxe4 Bxe1 27. Nd6 Rd8 28. Nb7 Rd7 29. c5 b5 30. Kf1 Bb4 31. Ke2 Re8 32. f4 Kg8 33. Kd3 Rxb7 34. axb7 Rb8 35. Ra2 Rxb7 36. Ra6 Rc7 37. f5 exf5 38. Bf4 Rc8 39.
Rxa7 Be1 40. Be5 g5 41. Rg7+ Kf8 42. Rh7 1-0

[Event "Live Chess"]
[Site "Chess.com"]
[Date "2024.06.01"]
[Round "-"]
[White "EgbertIII"]
[Black "GwaryTek"]
[Result "0-1"]
[WhiteElo "1450"]
[BlackElo "1899"]
[TimeControl "300"]
[EndTime "10:24:41 PDT"]
[Termination "GwaryTek won by checkmate"]

1. b4 Nf6 2. Bb2 b6 3. Nf3 Bb7 4. c4 e6 5. a3 a5 6. b5 d6 7. Nc3 Nbd7 8. d4 Be7 9. e3 O-O 10. Be2 Re8 11. O-O Rc8 12. a4 Nf8 13. d5 Ng6 14. e4 e5 15. Bd3 Nf4 16. Ne2 g6 17.
Nxf4 exf4 18. Qd2 Nh5 19. Nd4 Bf6 20. Nc6 Bxc6 21. Bxf6 Qxf6 22. bxc6 Qd4 23. Rad1 Re5 24. Rfe1 Rce8 25. Kh1 f5 26. f3 fxe4 27. fxe4 Ng3+ 28. hxg3 Rh5# 0-1

[Event "Live Chess"]
[Site "Chess.com"]
[Date "2024.06.01"]
[Round "-"]
[White "Ninifu"]
[Black "E2E4colchester"]
[Result "1-0"]
[WhiteElo "2045"]
[BlackElo "1090"]
[TimeControl "300"]
[EndTime "10:24:43 PDT"]
[Termination "Ninifu won by checkmate"]

1. d4 d5 2. e4 dxe4 3. Nc3 Nf6 4. f3 e6 5. fxe4 c6 6. Nf3 Bb4 7. Bd3 O-O 8. O-O Bxc3 9. bxc3 Re8 10. e5 Nd5 11. Ng5 g6 12. Nxf7 Qe7 13. Nh6+ Kg7 14. Rf7+ Qxf7 15. Nxf7 Kxf7 16. Qf3+ Kg7 17. Bg5 Rf8 18.
Bh6+ Kg8 19. Qxf8# 1-0

[Event "Live Chess"]
[Site "Chess.com"]
[Date "2024.06.01"]
[Round "-"]
[White "A3ndrey9"]
[Black "elephantgerrald"]
[Result "1-0"]
[WhiteElo "1259"]
[BlackElo "756"]
[TimeControl "300"]
[EndTime "10:24:44 PDT"]
[Termination "A3ndrey9 won by checkmate"]

1. Nf3 d5 2. d4 Nc6 3. g3 Nf6 4. Bg2 Bf5 5. Bf4 e6 6. a3 Bd6 7. Bg5 O-O 8. O-O h6 9. Bxf6 Qxf6 10. Re1 Qg6 11. Nbd2 Bxc2 12. Qc1 Bf5 13. Nh4 Nxd4 14. Nxg6 Bxg6 15. e4 dxe4 16. Bxe4 Bxe4 17. Rxe4 e5 18. Qc3 f5 19. Ree1 Bc5 20. Qxc5 b6 21. Qc4+ Kh7 22. Nb3 b5 23. Qxc7 Nxb3 24. Rad1 Rac8 25. Qxe5 Rf6 26. Qxb5 Rc5 27. Qxb3 a6 28. Qb7 Rcc6 29. Rd7 Rg6 30.
Rxg7+ Rxg7 31. Qxc6 Kh8 32. Qxh6+ Rh7 33. Re8# 1-0

[Event "Live Chess"]
[Site "Chess.com"]
[Date "2024.06.01"]
[Round "-"]
[White "gmnorfolk"]
[Black "PureDashingOctopus"]
[Result "0-1"]
[WhiteElo "2125"]
[BlackElo "2227"]
[TimeControl "300"]
[EndTime "10:24:46 PDT"]
[Termination "PureDashingOctopus won by resignation"]

1. c4 c5 2. Nc3 Nc6 3. Nf3 g6 4. e3 Nf6 5. d4 cxd4 6. exd4 d5 7. cxd5 Nxd5 8. Bc4 Nb6 9. Bb3 Bg7 10. d5 Na5 11. Bc2 Bxc3+ 12. bxc3 Qxd5 13. Qe2 Bg4 14. O-O Bxf3 15. gxf3 O-O 16. Qxe7 Qxf3 17. Bh6 Rfe8 18. Qh4 Re5 19. Rad1 Nc6 20. Bb3 Rh5 21. Qg3 Qxg3+ 22. fxg3 Rxh6 23. Rxf7 Kh8 24. Rxb7 Na5 25. Rf7 Nxb3 26.
axb3 Rh5 27. Re1 Rf5 28. Rb7 Nd5 29. c4 Nf6 30. Ree7 a5 31. h3 Re8 32. Rf7 Re1+ 33.
Kg2 Re2+ 34. Kg1 Re1+ 35. Kg2 Ref1 36. g4 R5f2+ 37. Kg3 Ne4+ 0-1